 Dungeon Crawl Stone Soup version 0.31-a0-202-g547052bce9 (webtiles) character file.

Game seed: 12353701735849174793

26 qw the Shooter (level 2, 0/16 HPs)
             Began as a Deep Elf Hunter on June 26, 2023.
             Succumbed to their own poison gas
             ... on level 1 of the Dungeon.
             The game lasted 00:00:14 (623 turns).

qw the Shooter (Deep Elf Hunter)                     Turns: 623, Time: 00:00:15

Health: 0/16       AC:  7    Str:  8    XL:     2   Next: 89%
Magic:  4/4        EV: 10    Int: 13    God:
Gold:   45         SH:  0    Dex: 18    Spells: 1/1 levels left

rFire   . . .        Y - +0 shortbow
rCold   . . .        (shield currently unavailable)
rNeg    . . .        g - +0 ring mail
rPois   .            (no helmet)
rElec   .            (no cloak)
rCorr   .            (no gloves)
SInv    .            d - +1 pair of boots
Will    .....        (no amulet)
Stlth   +            (no ring)
HPRegen 0.22/turn    (no ring)
MPRegen 0.09/turn

%: no passive effects
@: mighty, lethally poisoned (0 -> -2)
A: no striking features
a: no special abilities


You were on level 1 of the Dungeon.
You visited 1 branch of the dungeon, and saw 1 of its levels.

You collected 45 gold pieces.


   Skills:
 - Level 1.5 Fighting
 + Level 6.6 Ranged Weapons
 - Level 2.4 Dodging
 - Level 1.2 Stealth


You had one spell level left.
You didn't know any spells.
Your spell library was empty.

Inventory:

Hand Weapons
 Y - a +0 shortbow (weapon)
Armour
 d - a +1 pair of boots (worn)
 g - a +0 ring mail (worn)
Potions
 e - a potion of curing {unknown}
 i - a potion of might
 j - a potion of enlightenment {unknown}

Dungeon Overview and Level Annotations

Branches:
Dungeon (1/15)

Altars:


Message History

The air fills with toxic fumes!
As you read the scroll labelled XAPTIA FOWETRU, it crumbles to dust.
It was a scroll of poison.
Done exploring.
614 ||| DRINKING 2 white potions.
It was a potion of might.
You feel very mighty all of a sudden.
Done exploring.
615 ||| DROPPING scroll of butterflies.
You drop a scroll of butterflies.
Done exploring.
(D) Dungeon
Where to? (* - list waypoints, ? - help)
What level of the Dungeon? (default 1, ? - help) Sorry, I don't know how to get there.
Enter note:
Enter note:
Enter note:
Enter note:
Enter note:
Enter note:
Enter note:
Enter note:
Enter note: Really walk into that cloud of poison gas?
You are engulfed in poison gas.
You are poisoned.
You feel very sick.
617 ||| Stepping ~*~*~tactically~*~*~ (cloud).
You feel very sick.
You see here a scroll of butterflies.
There is a lethal amount of poison in your body!
You feel sick.
There is a lethal amount of poison in your body!
You feel sick.
There is a lethal amount of poison in your body!
You feel sick.
There is a lethal amount of poison in your body!
You feel sick.
There is a lethal amount of poison in your body!
You feel sick.
There is a lethal amount of poison in your body!
You die...

.............######.##.........#
..........#.## #.##.........#
.......####.# #.##.........#
.......# #.# #.##.........#
......## #.# #.###....[..##
##...## #.# #)# ##.....## ######
#.# ##¤# #######
###########0######0.##
%.........000¤0.@¤¤00#
#####.....¤¤¤0¤0##0#0#
..........0¤¤¤¤.##.#.#
.#####....000¤..##.#.# ##
#############...# #####


There were no monsters in sight!

Vanquished Creatures
  2 dart slugs (D:1)
  2 bats (D:1)
  An endoplasm (D:1)
  6 goblins (D:1)
  4 hobgoblins (D:1)
  2 jackals (D:1)
  A kobold (D:1)
  A rat (D:1)
19 creatures vanquished.

Notes
Turn   | Place    | Note
-------+----------+-------------------------------------------
     0 | D:1      | qw the Deep Elf Hunter began the quest for the Orb.
     0 | D:1      | Reached XP level 1. HP: 12/12 MP: 3/3
     0 | D:1      | 0 ||| qw: Version: 0.3-a-22-g0ed2b0b
     0 | D:1      | 0 ||| qw: Game counter: 6030
     0 | D:1      | 0 ||| qw: Melee chars always use a shield: true
     0 | D:1      | 0 ||| qw: God list: Okawaru
     0 | D:1      | 0 ||| qw: Allow faded altars: false
     0 | D:1      | 0 ||| qw: Do Orc after clearing Dungeon:15 true
     0 | D:1      | 0 ||| qw: Do second Lair branch before Depths: true
     0 | D:1      | 0 ||| qw: Lair rune preference: random
     0 | D:1      | 0 ||| qw: Goals: Normal
     0 | D:1      | 0 ||| PLANNING D:1-11
    53 | D:1      | Reached skill level 6 in Ranged Weapons
    53 | D:1      | Reached XP level 2. HP: 16/16 MP: 4/4
    87 | D:1      | Found a faded altar of an unknown god.
   492 | D:1      | 492 ||| UPGRADING to +1 pair of boots.
   497 | D:1      | 497 ||| UPGRADING to +0 ring mail.
   507 | D:1      | 507 ||| DROPPING +0 leather armour.
   508 | D:1      | 508 ||| READING scroll labelled HUOSIU BUPID.
   609 | D:1      | 609 ||| READING scroll labelled ETRET GAOLEAMM.
   613 | D:1      | 613 ||| READING scroll labelled XAPTIA FOWETRU.
   614 | D:1      | 614 ||| DRINKING 2 white potions.
   615 | D:1      | 615 ||| DROPPING scroll of butterflies.
   617 | D:1      | 617 ||| Stepping ~*~*~tactically~*~*~ (cloud).
   619 | D:1      | HP: 4/16 [poisoned by you (poison gas)]
   622 | D:1      | HP: 1/16 [poisoned by you (poison gas)]
   623 | D:1      | Succumbed to their own poison gas

Levels and vault maps discovered:
D:1:      dpeg_arrival_short_road, layout_rooms, ebering_ecumenical_altar_rust,
          minmay_pentomino_q2

Skill      XL: |  1 |
---------------+----+-----
Ranged Weapons | 6 |  6.6
Fighting       | |  1.5
Dodging        | |  2.4
Stealth        | |  1.2

Action                     || total
---------------------------++-------
   Fire: Shortbow          ||    39
    Use: Scroll            ||     3
         Potion            ||     1
 Armour: Leather armour    ||     1
  Dodge: Dodged            ||     2

Table legend:
 A = Non-vault XP
 B = Vault XP
 C = Vault XP percentage of total XP
 D = Non-vault monster count
 E = Vault monster count
 F = Vault count percentage of total count
                 A         B        C        D         E       F
            +---------+---------+-------+---------+---------+-------
      Total |      36 |       2 |   5.3 |      18 |       1 |   5.3
            +---------+---------+-------+---------+---------+-------
        D:1 |      36 |       2 |   5.3 |      18 |       1 |   5.3
            +---------+---------+-------+---------+---------+-------
